 Dungeon Crawl Stone Soup version 0.31-a0-524-g2a164cf6a2 (webtiles) character file.

Game seed: 17766284834194724519

142 AdnanSaban the Trooper (level 5, -4/33 HPs)
             Began as a Gargoyle Fighter on Aug 12, 2023.
             Slain by Blork the orc
             ... wielding a +0 heavy scimitar
              (10 damage)
             ... on level 4 of the Dungeon.
             The game lasted 00:01:32 (2313 turns).

AdnanSaban the Trooper (Gargoyle Fighter)           Turns: 2313, Time: 00:01:33

Health: -4/33      AC: 13    Str: 21    XL:     5   Next: 25%
Magic:  5/5        EV:  8    Int:  9    God:
Gold:   224        SH:  4    Dex:  9    Spells: 4/4 levels left

rFire   . . .        a - +0 flail
rCold   . . .        c - +0 buckler
rNeg    + . .        k - +0 chain mail
rPois   ∞            (no helmet)
rElec   +            (no cloak)
rCorr   .            (no gloves)
SInv    .            (no boots)
Will    .....        (no amulet) Stlth
                     (no ring)
HPRegen 0.25/turn    (no ring)
MPRegen 0.09/turn

%: no passive effects
@: no status effects
A: sickness immunity, AC +4, negative energy resistance 1, electricity
resistance, torment resistance 1, petrification resistance
a: no special abilities


You were on level 4 of the Dungeon.
You visited 1 branch of the dungeon, and saw 4 of its levels.

You collected 224 gold pieces.

Inventory:

Hand Weapons
 a - a +0 flail (weapon)
Missiles
 n - 6 atropa-tipped darts
 q - 8 poisoned darts
Armour
 c - a +0 buckler (worn)
 k - a +0 chain mail (worn)
Jewellery
 m - a ring of positive energy
Wands
 b - a wand of flame (14)
Scrolls
 f - 5 scrolls of identify {unknown}
 h - a scroll of blinking {unknown}
 i - a scroll of immolation {unknown}
 j - a scroll of noise {unknown}
 p - a scroll of poison {unknown}
Potions
 d - a potion of might
 e - a potion of brilliance {unknown}
 g - 2 potions of curing {unknown}
 l - a potion of lignification {unknown}
 o - a potion of enlightenment {unknown}


   Skills:
 + Level 4.2 Fighting
 + Level 3.6 Maces & Flails
 + Level 3.9 Armour
 + Level 0.2 Dodging
 + Level 0.2 Stealth
 + Level 3.9 Shields


You had 4 spell levels left.
You didn't know any spells.
Your spell library contained the following spells:

 Spells                   Type           Power      Damage    Failure   Level
 Necrotise                Necr           0%         1d4       98%         1
 Vampiric Draining        Necr           0%         2d6       100%        3
 Agony                    Necr           0%         N/A       100%        5


Dungeon Overview and Level Annotations

Branches:
Dungeon (4/15)
 Temple: D:4-7

Altars:
Vehumet

Annotations:
D:4 Blork the orc


Innate Abilities, Weirdness & Mutations

You are immune to sickness and miasma.
Your stone body is resilient. (AC +4)
You are immune to poison.
You resist negative energy. (rN+)
You are resistant to electric shocks. (rElec)
You are resistant to unholy torment.
You are immune to petrification.


Message History

You kill the adder!
Blork the orc comes into view.
He is wielding a +0 heavy scimitar.
Blork the orc looks braver for a moment.
Blork the orc is nearby!
Blork the orc casts a spell at you. The puff of flame hits you.
Blork the orc gestures wildly while chanting.
Blork the orc seems to speed up.
You closely miss Blork the orc.
Blork the orc gestures at you while chanting.
You block the puff of flame.
Blork the orc hits you with a +0 heavy scimitar.
You barely miss Blork the orc.
Blork the orc hits you with a +0 heavy scimitar!
You closely miss Blork the orc.
Blork the orc hits you with a +0 heavy scimitar!
* * * LOW HITPOINT WARNING * * *
Blork the orc barely misses you.
You are too injured to fight recklessly!
You are too injured to fight recklessly!
You are too injured to fight recklessly!
You are too injured to fight recklessly!
You are too injured to fight recklessly!
You are too injured to fight recklessly!
You are too injured to fight recklessly!
You are too injured to fight recklessly!
You are too injured to fight recklessly!
You are too injured to fight recklessly!
You are too injured to fight recklessly!
You are too injured to fight recklessly!
You are too injured to fight recklessly!
You are too injured to fight recklessly!
You are too injured to fight recklessly!
You are too injured to fight recklessly!
You hit Blork the orc but do no damage.
Blork the orc hits you but does no damage.
You hit Blork the orc.
Blork the orc is lightly wounded.
Blork the orc hits you with a +0 heavy scimitar!
You die...

#####.#.# ......#'##.#
#).......#.#.#
'........#.#.#
#........#.#.#####
#......[.#.#.#...#
#........#.#.#.#.#
#.....<..#.#.#.#o#
.............#.#@#
##########'#...#.######
#.................
#........#.#######
#........#.#
+....>...#.#
#........#.#
+........#.#
#........#.#


You could see Blork the orc (fast).

Vanquished Creatures
  2 jellies (D:4)
  3 adders
  4 dart slugs
  5 ball pythons
  2 bats
  6 endoplasms
  4 giant cockroaches
  3 goblins
  4 hobgoblins
  2 frilled lizards (D:1)
  9 kobolds
  4 rats
48 creatures vanquished.

Notes
Turn   | Place    | Note
-------+----------+-------------------------------------------
     0 | D:1      | AdnanSaban the Gargoyle Fighter began the quest for the
                  | Orb.
     0 | D:1      | Reached XP level 1. HP: 14/14 MP: 1/1
    90 | D:1      | Reached XP level 2. HP: 15/19 MP: 2/2
   340 | D:1      | Reached XP level 3. HP: 22/24 MP: 3/3
   967 | D:2      | Identified the +3 falchion of Laonoek {vamp, Str+3 Dex+3}
  1191 | D:2      | Found a radiant altar of Vehumet.
  1503 | D:3      | Reached XP level 4. HP: 29/29 MP: 4/4
  1860 | D:3      | Reached skill level 4 in Fighting
  2275 | D:4      | Reached XP level 5. HP: 28/33 MP: 5/5
  2306 | D:4      | Noticed Blork the orc
  2313 | D:4      | Slain by Blork the orc

Illustrated notes

Levels and vault maps discovered:
D:1:      pf_arrival_petrified_forest, layout_loops_ring
D:2:      layout_loops_ring, basic_altar
D:3:      layout_loops_ring
D:4:      layout_basic, mainiacjoe_overflow_cross_hatched, uniq_menkaure,
          uniq_blork_the_orc

Skill      XL: |  1  2  3  4 |
---------------+-------------+-----
Maces & Flails | 3 |  3.6
Fighting       | 4 |  4.2
Armour         | |  3.9
Dodging        | |  0.2
Stealth        | |  0.2
Shields        | |  3.9

Action                     |  1- 3 |  4- 6 || total
---------------------------+-------+-------++-------
  Melee: Flail             |    87 |    47 ||   134
 Armour: Scale mail        |    35 |       ||    35
         Chain mail        |     2 |    31 ||    33
  Dodge: Dodged            |    41 |    22 ||    63
  Block: Buckler           |    27 |     9 ||    36

Table legend: (Time is in decaauts)
 A = Elapsed time spent in this place.
 B = Non-inter-level travel time spent in this place.
 C = Inter-level travel time spent in this place.
 D = Time resting spent in this place.
 E = Time spent auto-exploring this place.
 F = Levels seen in this place.
 G = Mean time per level.
                   A        B        C        D        E       F      G
               +--------+--------+--------+--------+--------+-----+--------+
         Total |   2354 |   2274 |     80 |      0 |   1896 |   4 |  588.5 |
       Dungeon |   2354 |   2274 |     80 |      0 |   1896 |   4 |  588.5 |
               +--------+--------+--------+--------+--------+-----+--------+

Top non-repeatable levels by time:
     D:1: 746 daAuts
     D:2: 743 daAuts
     D:3: 578 daAuts
     D:4: 284 daAuts
